 Dungeon Crawl Stone Soup version 0.21-a0-110-g8e1637b (webtiles) character file.

206 meatball the Sneak (level 5, -5/34 HPs)
             Began as an Octopode Assassin on July 8, 2017.
             Slain by Pikel
             ... wielding a +1 whip of electrocution
              (8 damage)
             ... on level 4 of the Dungeon on July 9, 2017.
             The game lasted 00:16:33 (3488 turns).

meatball the Sneak (Octopode Assassin)              Turns: 3488, Time: 00:16:34

Health: -5/34      AC:  1    Str: 12    XL:     5   Next: 84%
Magic:  5/5        EV: 14    Int: 14    God:
Gold:   252        SH:  0    Dex: 16    Spells: 4/4 levels left

rFire    . . .     SeeInvis .   a - +2 dagger
rCold    . . .     Gourm    +   (no shield)
rNeg     . . .     Faith    .   (helmet restricted)
rPois    .         Spirit   .   p - amulet of the gourmand
rElec    .         Reflect  .   q - +2 ring of strength
rCorr    .         Harm     .   y - +2 ring of dexterity
MR       .....                  (no ring)
Stlth    ++++......             (no ring)
HPRegen  0.11/turn              (no ring)
MPRegen  0.09/turn              (no ring)
                                (no ring)
                                (no ring)

@: no status effects
A: almost no armour, stealthy swim, amphibious, 8 rings, constrict 8, camouflage
1, gelatinous body 1
a: no special abilities


You were on level 4 of the Dungeon.
You were hungry.

You visited 1 branch of the dungeon, and saw 5 of its levels.

You collected 252 gold pieces.

Inventory:

Hand Weapons
 a - a +2 dagger (weapon)
 b - a +0 blowgun
 n - a +1 short sword of freezing
Missiles
 c - 26 poisoned needles
 d - 2 curare-tipped needles
 r - 8 needles of sleeping
Jewellery
 p - an amulet of the gourmand (around mantle)
 q - a +2 ring of strength (left tentacle)
 y - a +2 ring of dexterity (right tentacle)
Scrolls
 g - 5 scrolls of remove curse {unknown}
 i - 3 scrolls of identify
 l - a scroll of fog {unknown}
 o - 2 scrolls of amnesia {unknown}
 s - a scroll of noise {unknown}
 u - a scroll of teleportation {unknown}
 v - a scroll of immolation {unknown}
 x - 2 scrolls of magic mapping {unknown}
Potions
 e - a potion of brilliance {unknown}
 h - a potion of haste {unknown}
 k - 3 potions of curing
 m - a potion of magic {unknown}
 t - a potion of resistance {unknown}
 A - a potion of lignification {unknown}
 B - a potion of ambrosia {unknown}
 D - 2 potions of agility {unknown}
Comestibles
 f - 4 bread rations
 j - 2 royal jellies
 w - a meat ration
 z - 4 fruits


   Skills:
 + Level 2.0 Fighting
 + Level 3.3 Short Blades
 + Level 3.4 Throwing
 + Level 2.5 Dodging
 - Level 6.7 Stealth


You had 4 spell levels left.
You didn't know any spells.

Dungeon Overview and Level Annotations

Branches:
Dungeon (5/15)
 Temple: D:4-7

Altars:
Gozag
Zin

Annotations:
D:4 Pikel


Innate Abilities, Weirdness & Mutations

You cannot wear most types of armour.
You are very stealthy in the water. (Stealth+)
You are amphibious.
You can wear up to eight rings at the same time.
You can use your tentacles to constrict eight enemies at once.
Your skin changes colour to match your surroundings (Stealth+).
Your rubbery body absorbs attacks. (AC +1, EV +1)


Message History

The leopard gecko bites you.
The leopard gecko completely misses you.
The quokka bites you. The quokka closely misses you. The quokka bites you.
The leopard gecko closely misses you. The leopard gecko bites you.
The quokka barely misses you.
The leopard gecko bites you but does no damage.
The quokka bites you. The leopard gecko closely misses you. The slave hits you.
* * * LOW HITPOINT WARNING * * *
The leopard gecko bites you.
* * * LOW HITPOINT WARNING * * *
Quiver which item? (- for none, * to show all) (? for menu, Esc to quit)
Okay, then.
Pikel hits you with a whip of electrocution.
* * * LOW HITPOINT WARNING * * *
The quokka twitches its whiskers.
There is a stone staircase leading up here.
Pikel hits you with a whip of electrocution!
You die...

# #.................#
####....## #
#.................###.......#
#
#.................#..[.###..#
####...................####
#..# ..##................####
#..# ##..................#
#..# ####................#
#..# #...............## #.##
#..........lK@.## #.###
#........[....## #.##.
##........r.### ###....
###).....### ###......
##...### ##....>... ###.#
##......... #.# #..........
#.# ##......... #r#
###.......


You could see Pikel, a leopard gecko and a quokka.

Vanquished Creatures
  A slave (D:4)
  An orc wizard (D:3)
  A bullfrog skeleton (D:4)
  A hound (D:5)
  An adder (D:3)
  3 gnolls (D:3)
  2 worms
  A dart slug (D:4)
  2 leopard geckos
  6 orcs (D:3)
  4 ball pythons
  A giant cockroach (D:1)
  5 goblins
  6 hobgoblins
  3 jackals (D:1)
  2 quokkas
  2 bats
  4 frilled lizards
  A jackal skeleton (D:4)
  15 kobolds
  A leopard gecko zombie (D:5)
  6 rats
69 creatures vanquished.

Notes
Turn   | Place    | Note
-------+----------+-------------------------------------------
     0 | D:1      | meatball the Octopode Assassin began the quest for the Orb.
     0 | D:1      | Reached XP level 1. HP: 14/14 MP: 1/1
   275 | D:1      | Reached XP level 2. HP: 19/19 MP: 2/2
  1055 | D:2      | Reached XP level 3. HP: 24/24 MP: 3/3
  1544 | D:2      | Found a glowing silver altar of Zin.
  1544 | D:2      | Found an opulent altar of Gozag.
  1604 | D:3      | Reached skill level 6 in Stealth
  1604 | D:3      | Reached XP level 4. HP: 29/29 MP: 4/4
  1776 | D:3      | Reached XP level 5. HP: 15/34 MP: 5/5
  2049 | D:3      | You fall through a shaft for 2 floors!
  2049 | D:5      | Entered Level 5 of the Dungeon
  2288 | D:4      | Noticed a slave
  2289 | D:4      | Noticed Pikel
  2289 | D:4      | Noticed a slave
  2309 | D:4      | Killed a slave
  3403 | D:4      | Noticed a slave
  3403 | D:4      | Noticed a slave
  3468 | D:4      | HP: 1/34 [Pikel/whip of electrocution (6)]
  3488 | D:4      | Slain by Pikel

Vault maps used:
D:1:      lightli_arrival_lavapool, serial_forest, infiniplex_forest_end_2,
          infiniplex_forest_lined_3, infiniplex_forest_corner_1,
          infiniplex_forest_lined_room_2, infiniplex_forest_side_room,
          infiniplex_forest_end_1, infiniplex_forest_3_way
D:2:      grunt_temple_overflow_gold_and_silver, minmay_goblin_kobold_house
D:3:      first_bread
D:4:      cheibrodos_quashed, grunt_dithmenos_smoke, uniq_natasha, uniq_pikel,
          uniq_menkaure
D:5:      grunt_qazlal_clouds, cheibrodos_worm_habitat, lemuel_crystal_altar,
          minmay_temple_entry_large_hall, serial_shops, kennysheep_mini_moat,
          kennysheep_generic_room_16

Skill      XL: |  1  2  3  4  5 |
---------------+----------------+-----
Stealth        | 6 |  6.7
Throwing       | 3 |  3.4
Dodging        | 2 |  2.5
Short Blades   | 3 |  3.3
Fighting       | |  2.0

Action                   |  1- 3 |  4- 6 || total
-------------------------+-------+-------++-------
Melee: Dagger            |    70 |    75 ||   145
       Constrict         |    15 |    14 ||    29
       Tentacles         |     6 |    15 ||    21
  Use: Scroll            |       |     4 ||     4
 Stab: Sleeping          |    14 |    10 ||    24
       Distracted        |     1 |       ||     1
  Eat: Chunk             |     2 |     5 ||     7
Armor: Skin              |     7 |     2 ||     9
Dodge: Dodged            |    30 |    41 ||    71
